 Dungeon Crawl Stone Soup version 0.32-a0-119-g2e8054a333 (webtiles) character file.

Game seed: 12456070554746764396

5637 shadizar the Fighter (level 11, -6/76 HPs)
             Began as a Djinni Conjurer on Feb 6, 2024.
             Was a Follower of Makhleb.
             Killed by divine providence
             ... invoked by an orc priest
              (13 damage)
             ... on level 8 of the Dungeon.
             The game lasted 00:17:52 (11491 turns).

shadizar the Fighter (Djinni Conjurer)             Turns: 11491, Time: 00:17:52

Health: -6/76      AC:  4    Str:  5    XL:     11   Next: 3%
Gold:   371        EV: 13    Int: 23    God:    Makhleb [*.....] SH: 11 Dex: 20

rFire   + . .        w - +5 dagger of the Skies Above {pain, Dex+4}
rCold   . . .        q - +0 kite shield
rNeg    . . .        a - +0 robe
rPois   ∞            x - +0 helmet
rElec   .            l - +0 cloak
rCorr   .            (no gloves)
SInv    .            (boots unavailable)
Will    +....        D - amulet of regeneration
Stlth   ++           p - ring of ice
HPRegen 1.12/turn    (no ring)
MPRegen 0.00/turn

%: infuse magic (-7 HP)
@: flying
A: sickness immunity, fire resistance 2, cold vulnerability 1, float, innate
caster, HP casting, extra vitality 1, agile 1, frail 1
a: Renounce Religion


You were on level 8 of the Dungeon.
You worshipped Makhleb.
Makhleb was aware of your devotion.
You visited 2 branches of the dungeon, and saw 9 of its levels.
You also visited: Sewer.

You collected 371 gold pieces.

Inventory:

Hand Weapons
 j - a +3 whip
 w - the +5 dagger of the Skies Above (weapon) {pain, Dex+4}
   (You found it on level 4 of the Dungeon)

   Dex+4:     It affects your dexterity (+4).
Missiles
 r - a throwing net
Armour
 a - a +0 robe (worn)
 l - a +0 cloak (worn)
 q - a +0 kite shield (worn)
 x - a +0 helmet (worn)
 B - a +0 ring mail of fire resistance
 C - a +0 buckler
Jewellery
 d - an amulet of the acrobat
 p - a ring of ice (left hand)
 u - an amulet of reflection
 D - an amulet of regeneration (around neck)
 E - a ring of protection from fire
Wands
 k - a wand of polymorph (11)
Scrolls
 b - 6 scrolls of enchant armour {unknown}
 c - 6 scrolls of identify {unknown}
 e - 3 scrolls of revelation {unknown}
 h - 11 scrolls of teleportation {unknown}
 m - 3 scrolls of fog {unknown}
 o - a scroll of fear {unknown}
 v - a scroll of enchant weapon {unknown}
 y - 6 scrolls of amnesia {unknown}
 F - a scroll of vulnerability {unknown}
Potions
 f - 3 potions of curing {unknown}
 g - 3 potions of enlightenment {unknown}
 i - 2 potions of attraction {unknown}
 n - a potion of magic {unknown}
 s - 2 potions of cancellation {unknown}
 t - a potion of mutation
 z - 2 potions of might
 A - 2 potions of brilliance {unknown}


   Skills:
 + Level 9.7 Fighting
 - Level 6.2 Dodging
 - Level 1.5 Stealth
 + Level 6.0 Shields
 + Level 8.2 Spellcasting
 + Level 8.2 Conjurations
 + Level 8.2 Hexes
 + Level 8.2 Summonings
 + Level 8.2 Necromancy
 + Level 8.2 Translocations
 + Level 8.2 Fire Magic
 + Level 8.2 Ice Magic
 + Level 8.2 Air Magic
 + Level 8.2 Earth Magic
 + Level 8.2 Alchemy


You knew the following spells:

 Your Spells              Type           Power      Damage    Failure   Level
a - Magic Dart            Conj           100%       1d8       1%          1
b - Searing Ray           Conj           94%        2d7       2%          2
c - Fulminant Prism       Conj/Alch      23%        3d12      17%         4
d - Iskenderun's Mystic   Conj/Tloc      47%        2d10      17%         4
e - Freeze                Ice            100%       1d10      1%          1
f - Ensorcelled Hibernat  Hex/Ice        100%       N/A       2%          2
g - Frozen Ramparts       Ice            100%       1d16      5%          3
h - Sticky Flame          Fire/Alch      47%        2d9       17%         4
i - Airstrike             Air            23%        2d(4-20)  17%         4
Your spell library was empty.

Dungeon Overview and Level Annotations

Branches:
Dungeon (8/15)             Temple (1/1) D:4           Sewer (visited)
   Lair: D:8-11

Altars:
Ashenzari
Cheibriados
Dithmenos
Elyvilon
Fedhas
Gozag
Makhleb
Okawaru
Qazlal
Ru
Uskayaw
Wu Jian
Xom
Yredelemnul
Zin
The Shining One

Shops:
D:6 *

Annotations:
D:4 1 runed translucent door
D:6 2 transporters, ILmort's ghost, amateur DgCj
D:7 Maurice
D:8 2 runed translucent doors, Takeo's ghost, novice AtFi


Innate Abilities, Weirdness & Mutations

You are immune to sickness and miasma.
You are immune to poison.
Your flesh is very heat resistant. (rF++)
You are vulnerable to cold. (rC-)
You float through the air rather than walking.
You learn spells naturally, not from books.
Your magical power is your life essence.
You have superior vitality. (+4 MHP)
You are agile. (Dex +4, Str/Int -1)
You are frail. (-10% HP)


Message History

The wyvern is almost dead. (Press . to maintain the ray.)
A wyvern comes into view.
The wyvern bites you!
* * * LOW HITPOINT WARNING * * *
Unknown command.
Unknown command.
Unknown command.
Unknown command.
Unknown command.
The searing ray hits the wyvern!
You kill the wyvern!
Makhleb accepts your kill.
The searing ray hits the orc wizard.
The orc wizard is heavily wounded.
* * * LOW HITPOINT WARNING * * *
The wyvern hisses angrily.
Your Shields skill increases to level 6!
Unknown command.
Unknown command.
Unknown command.
Okay, then.
The orc priest calls upon Beogh to heal the orc wizard.
The orc wizard is healed somewhat.
The orc wizard attacks as it pursues you!
You block the orc wizard's attack.
The orc wizard attacks as it pursues you!
You block the orc wizard's attack.
Takeo's ghost wails, "You must not succeed where I failed!"
The orc wizard casts a spell at you. You resist with almost no effort.
The orc wizard mumbles some strange words.
The orc wizard flickers and vanishes!
Deactivating autopickup; reactivate with Ctrl-A.
The orc priest calls down the wrath of Beogh upon you.
Beogh smites you!
* * * LOW HITPOINT WARNING * * *
The orc priest mumbles some strange prayers to Beogh against you.
Beogh smites you!
You die...

#####.#..##.###.####.##
#.###....# #.# #...
##.#..##.###.# ####
##.#........# #########
######.##### ........#
#.# ........#### #.#
######..o..########.#
∩.∩.3#.)o.....@...#.#
....W#..##.######...##
.P...+..##.# ##...##
.....#...#.#
#..)..########
∩...∩#.o...#
##............
######..####
#...######### ...h.o...
##.## .....o... #.#
##.###.#. #+#


You could see 2 orc priests.

Vanquished Creatures
  Erica (D:8)
  6 yaks
  A wyvern (D:8)
  A steam dragon (D:7)
  A water moccasin (D:7)
  Duvessa (D:7)
  2 ice beasts
  2 orc warriors (D:7)
  2 sky beasts (D:7)
  2 centaurs
  An ogre (D:5)
  A phantom (D:7)
  2 brain worms (Sewer)
  A kobold brigand (Sewer)
  8 scorpions
  3 bullfrogs
  2 gnoll sergeants
  A water moccasin zombie (D:4)
  10 wights
  Dowan (D:7)
  2 howler monkeys (D:8)
  2 bombardier beetles
  3 orc priests
  4 jellies (D:5)
  A scorpion zombie (D:4)
  A bullfrog skeleton (D:4)
  Ijyb (D:5)
  2 iguanas
  11 orc wizards
  Natasha (D:4)
  A spectral hound (D:4)
  2 hound skeletons (D:4)
  Robin (D:5)
  9 gnolls
  14 adders
  3 river rats
  A shadow imp (D:5)
  4 white imps
  3 ufetubi
  2 dart slugs (D:3)
  25 orcs
  8 ball pythons
  6 bats
  An endoplasm (D:1)
  5 giant cockroaches
  9 goblins
  11 hobgoblins
  8 jackals
  3 quokkas
  5 frilled lizards
  12 kobolds
  A kobold skeleton (D:4)
  12 rats
223 creatures vanquished.

Vanquished Creatures (others)
  10 fulminant prisms
10 creatures vanquished.

Grand Total: 233 creatures vanquished

Notes
Turn   | Place    | Note
-------+----------+-------------------------------------------
     0 | D:1      | shadizar the Djinni Conjurer began the quest for the Orb.
     0 | D:1      | shadizar set off with the following spells memorised: Magic
                  | Dart, Searing Ray, Fulminant Prism, Iskenderun's Mystic
                  | Blast.
     0 | D:1      | Reached XP level 1. HP: 15/15 MP: 0/0
   155 | D:1      | Reached XP level 2. HP: 20/22 MP: 0/0
   170 | D:1      | Reached skill level 1 in Fighting
   180 | D:1      | Found a faded altar of an unknown god.
   663 | D:1      | Reached XP level 3. HP: 24/27 MP: 0/0
   663 | D:1      | Learned a level 1 spell: Freeze
  1055 | D:2      | Reached skill level 2 in Fighting
  1344 | D:2      | Reached XP level 4. HP: 28/33 MP: 0/0
  2361 | D:3      | Reached XP level 5. HP: 37/40 MP: 0/0
  2361 | D:3      | Learned a level 2 spell: Ensorcelled Hibernation
  2457 | D:4      | Reached skill level 3 in Fighting
  2511 | D:4      | Found a staircase to the Ecumenical Temple.
  2522 | D:4      | Reached XP level 6. HP: 23/47 MP: 0/0
  2648 | D:4      | Reached skill level 4 in Fighting
  3098 | D:4      | Reached skill level 5 in Spellcasting
  3098 | D:4      | Reached skill level 5 in Conjurations
  3098 | D:4      | Reached skill level 5 in Hexes
  3098 | D:4      | Reached skill level 5 in Summonings
  3098 | D:4      | Reached skill level 5 in Necromancy
  3098 | D:4      | Reached skill level 5 in Translocations
  3098 | D:4      | Reached skill level 5 in Fire Magic
  3098 | D:4      | Reached skill level 5 in Ice Magic
  3098 | D:4      | Reached skill level 5 in Air Magic
  3098 | D:4      | Reached skill level 5 in Earth Magic
  3098 | D:4      | Reached skill level 5 in Alchemy
  3114 | Temple   | Entered the Ecumenical Temple
  3201 | D:4      | Found a runed translucent door.
  3201 | D:4      | Noticed a human
  3203 | D:4      | Found a basalt altar of Yredelemnul.
  3637 | D:4      | Reached XP level 7. HP: 23/53 MP: 0/0
  3637 | D:4      | Learned a level 3 spell: Frozen Ramparts
  4152 | D:4      | Noticed Natasha
  4156 | D:4      | Killed Natasha
  4157 | D:4      | Reached skill level 5 in Fighting
  4209 | D:5      | Entered Level 5 of the Dungeon
  4369 | D:5      | Gained mutation: You have a pair of small horns on your
                  | head. [potion of mutation]
  4369 | D:5      | Lost mutation: You have a pair of small horns on your head.
                  | [potion of mutation]
  4369 | D:5      | Gained mutation: You are frail. (-10% HP) [potion of
                  | mutation]
  4369 | D:5      | Gained mutation: You are agile. (Dex +4, Str/Int -1)
                  | [potion of mutation]
  4486 | D:5      | Found a glowing drain.
  4495 | Sewer    | Entered a sewer
  4640 | Sewer    | Reached XP level 8. HP: 46/54 MP: 0/0
  4737 | Sewer    | Reached skill level 6 in Fighting
  6006 | D:5      | Noticed Ijyb
  6024 | D:5      | Reached skill level 7 in Fighting
  6323 | D:4      | Identified the +5 dagger of the Skies Above {pain, Dex+4}
  6592 | D:5      | Killed Ijyb
  6593 | D:5      | Reached XP level 9. HP: 45/61 MP: 0/0
  6593 | D:5      | Learned a level 4 spell: Sticky Flame
  6606 | D:5      | Noticed Robin
  6610 | D:5      | Killed Robin
  7048 | D:5      | Reached skill level 1 in Shields
  7765 | D:6      | Found a snail-covered altar of Cheibriados.
  7792 | D:6      | Reached skill level 8 in Fighting
  7817 | D:6      | Found a white marble altar of Elyvilon.
  8138 | D:6      | Noticed ILmort's ghost (amateur DgCj)
  8147 | D:6      | Found a transporter.
  8151 | D:6      | Found a transporter.
  8179 | D:6      | Found Gajuph's Assorted Antiques.
  8811 | D:6      | Reached XP level 10. HP: 59/69 MP: 0/0
  8864 | D:6      | Reached skill level 5 in Dodging
  9286 | D:7      | Found a burning altar of Makhleb.
  9294 | D:7      | Became a worshipper of Makhleb the Destroyer
  9398 | D:7      | Reached skill level 9 in Fighting
  9590 | D:7      | Found an iron altar of Okawaru.
  9910 | D:7      | Noticed Duvessa
  9910 | D:7      | Noticed Dowan
  9915 | D:7      | Killed Dowan
  9916 | D:7      | Reached skill level 5 in Shields
  9925 | D:7      | Killed Duvessa
 10360 | D:7      | Noticed Maurice
 10371 | D:7      | Paralysed by something for 2 turns
 10376 | D:7      | Paralysed by something for 2 turns
 10379 | D:7      | Paralysed by something for 3 turns
 10730 | D:7      | Reached * piety under Makhleb
 11231 | D:8      | Noticed Erica
 11267 | D:8      | Killed Erica
 11357 | D:8      | Found a runed translucent door.
 11460 | D:8      | Found a runed translucent door.
 11468 | D:8      | Noticed Takeo's ghost (novice AtFi)
 11469 | D:8      | Reached XP level 11. HP: 75/75 MP: 0/0
 11469 | D:8      | Learned a level 4 spell: Airstrike
 11491 | D:8      | Killed from afar by an orc priest

Illustrated notes

Levels and vault maps discovered:
D:1:      giann_bridges, layout_basic, basic_ecumenical_altar,
          minmay_tree_intersection
D:2:      layout_loops_ring, basic_altar
D:3:      layout_rooms, fountainhead
D:4:      layout_loops_cross, dk_yredelemnul_ordeal,
          minmay_temple_entry_statues_fountains, dilly_guarded_unrand_morg
D:5:      layout_loops_cross, serial_rivers, chequers_serial_rivers_small_3,
          chequers_serial_rivers_small_a, chequers_serial_rivers_micro_a,
          chequers_serial_rivers_room_a, gup_sewer_entry_bubbles,
          minmay_statues_item, nicolae_goblin_pals
D:6:      layout_basic, mainiacjoe_overflow_two_lobes, gammafunk_ghost_hive,
          serial_shops, shop
D:7:      layout_basic, okawaru_metal_pillars_1_2, minmay_ruined_shrine,
          uniq_duvessa, uniq_maurice
D:8:      layout_loops_corners, nzn_makhleb_speed_demon,
          hellmonk_ghost_big_iron, minmay_misc_feat_alley, uniq_erica
Temple:   cyrus_circular_temple

Skill      XL: |  1  2  3  4  5  6  7  8  9 10 11 |
---------------+----------------------------------+-----
Fighting       | 1 2 3 4 5 7 8 9 |  9.7
Spellcasting   | 4 5 6 7 8 |  8.2
Conjurations   | 4 5 6 7 8 |  8.2
Hexes          | 4 5 6 7 8 |  8.2
Summonings     | 4 5 6 7 8 |  8.2
Necromancy     | 4 5 6 7 8 |  8.2
Translocations | 4 5 6 7 8 |  8.2
Fire Magic     | 4 5 6 7 8 |  8.2
Ice Magic      | 4 5 6 7 8 |  8.2
Air Magic      | 4 5 6 7 8 |  8.2
Earth Magic    | 4 5 6 7 8 |  8.2
Alchemy        | 4 5 6 7 8 |  8.2
Shields        | 3 5 6 |  6.0
Dodging        | 4 6 |  6.2
Stealth        | |  1.5

Action                     |  1- 3 |  4- 6 |  7- 9 | 10-12 || total
---------------------------+-------+-------+-------+-------++-------
  Melee: Unarmed           |       |     3 |       |       ||     3
         Dagger            |       |       |     1 |       ||     1
   Cast: Magic Dart        |    62 |   124 |   276 |   105 ||   567
         Searing Ray       |       |     4 |    22 |    36 ||    62
         Iskenderun's Myst |       |     2 |    20 |       ||    22
         Fulminant Prism   |       |     1 |    10 |       ||    11
         Ensorcelled Hiber |       |       |       |     7 ||     7
         Frozen Ramparts   |       |       |       |     1 ||     1
    Use: Potion            |       |       |     3 |       ||     3
 Armour: Robe              |     1 |    40 |    78 |    41 ||   160
  Dodge: Dodged            |     1 |    73 |    85 |    60 ||   219
  Block: Kite shield       |       |       |    38 |    64 ||   102

Table legend: (Time is in decaauts)
 A = Elapsed time spent in this place.
 B = Non-inter-level travel time spent in this place.
 C = Inter-level travel time spent in this place.
 D = Time resting spent in this place.
 E = Time spent auto-exploring this place.
 F = Levels seen in this place.
 G = Mean time per level.
                   A        B        C        D        E       F      G
               +--------+--------+--------+--------+--------+-----+--------+
         Total |  11502 |  10963 |    539 |      0 |   8939 |  10 | 1150.2 |
       Dungeon |  10586 |  10047 |    539 |      0 |   8162 |   8 | 1323.2 |
        Temple |      1 |      1 |      0 |      0 |      0 |   1 |    1.0 |
         Sewer |    913 |    913 |      0 |      0 |    777 |   1 |  913.0 |
               +--------+--------+--------+--------+--------+-----+--------+

Top non-repeatable levels by time:
     D:6: 1985 daAuts
     D:7: 1954 daAuts
     D:4: 1754 daAuts
     D:5: 1652 daAuts
     D:3: 1121 daAuts
     D:2: 993 daAuts
   Sewer: 913 daAuts
     D:1: 886 daAuts
     D:8: 238 daAuts
  Temple: 1 daAuts
